 Dungeon Crawl Stone Soup version 0.29-a0-321-gf1c400731a (webtiles) character file.

Game seed: 16231036151410475575

450 Dabor the Insei (level 7, -3/45 HPs)
             Began as an Octopode Transmuter on Apr 3, 2022.
             Killed by divine providence
             ... invoked by an orc priest
              (16 damage)
             ... on level 4 of the Dungeon.
             The game lasted 00:07:41 (2852 turns).

Dabor the Insei (Octopode Transmuter)               Turns: 2852, Time: 00:07:42

Health: -3/45      AC:  5    Str:  9    XL:     7   Next: 4%
Magic:  10/11      EV: 14    Int: 15    God:
Gold:   173        SH:  0    Dex: 15    Spells: 6/12 levels left

rFire   . . .      SeeInvis .   k - +1 short sword (venom)
rCold   . . .      Faith    .   (no shield)
rNeg    . . .      Spirit   .   (helmet restricted)
rPois   .          Reflect  .   (no amulet)
rElec   .          Harm     .   f - +4 ring of protection
rCorr   .          Rampage  .   (no ring)
Will    .....                   (no ring)
Stlth   +++.......              (no ring)
HPRegen 0.15/turn               (no ring)
MPRegen 0.12/turn               (no ring)
                                (no ring)
                                (no ring)

@: no status effects
A: almost no armour, amphibious, 8 rings, camouflage 1, gelatinous body 1,
(nimble swimmer 1), tentacles
a: no special abilities


You were on level 4 of the Dungeon.
You visited 1 branch of the dungeon, and saw 4 of its levels.

You collected 173 gold pieces.

Inventory:

Hand Weapons
 k - a +1 short sword of venom (weapon)
Missiles
 g - 2 boomerangs
Jewellery
 f - a +4 ring of protection (left tentacle)
 n - an amulet of faith
Wands
 a - a wand of digging (6)
 r - a wand of flame (19) (quivered)
Scrolls
 b - 3 scrolls of teleportation
 c - 2 scrolls of amnesia
 d - 2 scrolls of magic mapping
 e - 2 scrolls of noise {unknown}
 i - 2 scrolls of identify
 p - a scroll of torment
 s - a scroll of brand weapon {unknown}
Potions
 h - a potion of heal wounds {unknown}
 j - 2 potions of might {unknown}
 l - 2 potions of curing {unknown}
 m - a potion of haste
 o - a potion of degeneration {unknown}
 q - a potion of brilliance {unknown}
 t - a potion of mutation {unknown}


   Skills:
 + Level 2.6 Fighting
 + Level 3.0 Dodging
 + Level 2.8 Stealth
 + Level 3.9 Unarmed Combat
 + Level 3.0 Spellcasting
 + Level 3.2 Transmutations
 * Level 3.8 Poison Magic


You had 6 spell levels left.
You knew the following spells:

 Your Spells              Type           Power      Damage    Failure   Level
a - Beastly Appendage     Tmut           24%        N/A       5%          1
b - Wereblood             Tmut           12%        N/A       8%          2
c - Spider Form           Tmut/Pois      12%        N/A       14%         3

Your spell library contained the following spells:

 Spells                   Type           Power      Damage    Failure   Level
 Shock                    Conj/Air       8%         1d3       21%         1
 Swiftness                Air            2%         N/A       52%         3
 Ice Form                 Ice/Tmut       7%         N/A       71%         4
 Airstrike                Air            1%         N/A       89%         4


Dungeon Overview and Level Annotations

Branches:
Dungeon (4/15)
 Temple: D:4-7

Altars:


Innate Abilities, Weirdness & Mutations

You cannot wear most types of armour.
You are amphibious.
You can wear up to eight rings at the same time.
Your skin changes colour to match your surroundings (Stealth+).
Your rubbery body absorbs attacks. (AC +1, EV +1)
((You are camouflaged when in or above water. (Stealth+)))
You have tentacles for arms and can constrict up to eight enemies at once.


Message History

Aiming: Dig
Press: ? - help, Shift-Dir - straight line, f - you Please select a direction to dig.
Okay, then.
Unknown command.
Aiming: Throw Flame
Press: ? - help, Shift-Dir - straight line, f - orc
Aim: an orc, wielding a +0 whip (68% to hit)
The puff of flame hits the orc.
The orc is almost dead.
Your transformation is almost over.
An orc priest comes into view. It is wielding a +0 mace.
Your primal bloodlust is almost over.
Things that are here:
a +0 dagger; a goblin corpse
Aiming: Throw Flame
Press: ? - help, Shift-Dir - straight line, f/p - orc
Aim: an orc, wielding a +0 whip (severely wounded, 68% to hit)
The puff of flame hits the orc.
You kill the orc!
Your primal bloodlust has ended.
Aiming: Throw Flame
Press: ? - help, Shift-Dir - straight line, f - orc priest
Aim: an orc priest, wielding a +0 mace (68% to hit)
The puff of flame hits the orc priest.
The orc priest is heavily wounded.
The orc priest mumbles some strange prayers to Beogh against you.
Beogh smites you!
Throw: 2 boomerangs
Press: ? - help, Shift-Dir - straight line, f/p - orc priest
Aim: an orc priest, wielding a +0 mace (moderately wounded, 59% to hit)
You throw a boomerang.
The boomerang closely misses the orc priest.
Your tentacle spike disappears.
The orc priest calls down the wrath of Beogh upon you.
Beogh smites you!
* * * LOW HITPOINT WARNING * * *
The orc priest calls down the wrath of Beogh upon you.
Beogh smites you!
You die...

.#.# ..$#...## .#'#######
..#....# .......... ..#....##
........... .#.....# ............
#.....#
.#'#####.....#############..#..##
.#.# ...................#...)
.#.# ...........o)........>##
##+# .......@####)....###.##
#########........# #.# #........#
#.# #....##### #.# #....# #.#
#o...# #.# ..o....'.. #.#
#.##....#### #.# # .<..o.


You could see an orc priest.

Vanquished Creatures
  A phantom (D:4)
  2 hounds (D:4)
  A jelly (D:4)
  Jessica (D:2)
  Natasha (thrice) (D:3)
  An iguana (D:4)
  An orc wizard (D:4)
  Terence (D:2)
  2 adders
  A worm (D:2)
  3 dart slugs
  7 orcs
  7 ball pythons
  9 endoplasms
  6 giant cockroaches
  8 goblins
  4 hobgoblins
  5 kobolds
  3 quokkas (D:1)
  5 bats
  3 frilled lizards
  5 rats
79 creatures vanquished.

Notes
Turn   | Place    | Note
-------+----------+-------------------------------------------
     0 | D:1      | Dabor the Octopode Transmuter began the quest for the Orb.
     0 | D:1      | Reached XP level 1. HP: 13/13 MP: 3/3
   209 | D:1      | Reached XP level 2. HP: 18/18 MP: 5/5
   810 | D:1      | Learned a level 2 spell: Wereblood
   879 | D:2      | Reached skill level 1 in Poison Magic
   879 | D:2      | Reached XP level 3. HP: 23/23 MP: 2/6
   969 | D:2      | You fall into a shaft and drop 2 floors!
  1032 | D:4      | Noticed an ice beast
  1040 | D:4      | Reached skill level 1 in Stealth
  1040 | D:4      | Reached XP level 4. HP: 29/29 MP: 7/7
  1088 | D:2      | Noticed Terence
  1097 | D:2      | Noticed Jessica
  1101 | D:2      | Killed Terence
  1112 | D:2      | Killed Jessica
  1113 | D:2      | Reached XP level 5. HP: 31/34 MP: 5/8
  1273 | D:2      | Found a faded altar of an unknown god.
  1525 | D:2      | Learned a level 3 spell: Spider Form
  1766 | D:3      | Noticed Natasha
  1774 | D:3      | Killed Natasha
  1961 | D:3      | Noticed Natasha
  1981 | D:3      | Killed Natasha
  2305 | D:3      | Noticed Natasha
  2309 | D:3      | Killed Natasha
  2310 | D:3      | Reached XP level 6. HP: 29/39 MP: 8/10
  2838 | D:4      | Reached XP level 7. HP: 34/45 MP: 8/11
  2852 | D:4      | Killed from afar by an orc priest

Illustrated notes

Levels and vault maps discovered:
D:1:      dpeg_arrival_shrine, layout_rooms, roderic_lattice_a,
          roderic_roman_lattice
D:2:      layout_rooms, shapermc_ecumenical_altar_ellora, uniq_jessica,
          uniq_terence
D:3:      layout_rooms, uniq_natasha
D:4:      layout_basic, gammafunk_ghost_mausoleum

Skill      XL: |  1  2  3  4  5  6  7 |
---------------+----------------------+-----
Poison Magic   | 1 2 3 |  3.8
Stealth        | 1 2 |  2.8
Fighting       | 2 |  2.6
Transmutations | 3 |  3.2
Dodging        | 3 |  3.0
Spellcasting   | 3 |  3.0
Unarmed Combat | |  3.9

Action                   |  1- 3 |  4- 6 |  7- 9 || total
-------------------------+-------+-------+-------++-------
Melee: Unarmed           |    40 |       |       ||    40
       Constrict         |    19 |    24 |     1 ||    44
       Tentacles         |    14 |    23 |       ||    37
       Short sword       |    17 |   105 |     2 ||   124
       Kick              |     2 |     9 |       ||    11
       Punch             |     1 |     3 |       ||     4
Throw: Boomerang         |       |    10 |     1 ||    11
 Cast: Wereblood         |     3 |     6 |       ||     9
       Beastly Appendage |     3 |     5 |       ||     8
Evoke: Wand              |       |     5 |     3 ||     8
  Use: Scroll            |     3 |     2 |       ||     5
       Potion            |       |     1 |       ||     1
 Stab: Sleeping          |     4 |     4 |       ||     8
Armor: Skin              |    14 |    25 |       ||    39
Dodge: Dodged            |    30 |    74 |     2 ||   106

Table legend: (Time is in decaauts)
 A = Elapsed time spent in this place.
 B = Non-inter-level travel time spent in this place.
 C = Inter-level travel time spent in this place.
 D = Time resting spent in this place.
 E = Time spent auto-exploring this place.
 F = Levels seen in this place.
 G = Mean time per level.
                   A        B        C        D        E       F      G
               +--------+--------+--------+--------+--------+-----+--------+
         Total |   2874 |   2808 |     66 |    543 |   1660 |   4 |  718.5 |
       Dungeon |   2874 |   2808 |     66 |    543 |   1660 |   4 |  718.5 |
               +--------+--------+--------+--------+--------+-----+--------+

Top non-repeatable levels by time:
     D:3: 944 daAuts
     D:1: 818 daAuts
     D:2: 681 daAuts
     D:4: 429 daAuts
